 Dungeon Crawl Stone Soup version 0.31-a0-1096-g246cf0196b (webtiles) character file.

Game seed: 7377382745591625764

21 Dirtsage the Changeling (level 2, 0/18 HPs)
             Began as an Octopode Shapeshifter on Nov 29, 2023.
             Frozen to death by an endoplasm (5 damage)
             ... on level 2 of the Dungeon.
             The game lasted 00:01:04 (707 turns).

Dirtsage the Changeling (Octopode Shapeshifter)      Turns: 707, Time: 00:01:04

Health: 0/18       AC:  1    Str: 13    XL:     2   Next: 83%
Magic:  2/2        EV: 13    Int: 12    God:
Gold:   25         SH:  0    Dex: 11    Spells: 1/1 levels left

rFire   . .          .
                       - Unarmed
rCold   . . .        (no shield)
rNeg    . . .        (helmet currently unavailable)
rPois   .            (no amulet)
rElec   .            (no ring)
rCorr   .            (no ring)
SInv    .            (no ring)
Will    .....        (no ring)
Stlth   ++           (no ring)
HPRegen 0.23/turn    (no ring)
MPRegen 0.08/turn    (no ring)
                     (no ring)

%: no passive effects
@: confused, lethally poisoned (0 -> -5), beast-form, ambrosia-drunk
A: beast (slay +1), almost no armour, amphibious, 8 rings, camouflage 1,
gelatinous body 1, (nimble swimmer 1), tentacles
a: Begin Untransformation


You were on level 2 of the Dungeon.
You were a hulking beast.
You visited 1 branch of the dungeon, and saw 2 of its levels.

You collected 25 gold pieces.

Inventory:

Magical Staves
 j - a staff of conjuration
Talismans
 b - a beast talisman
 c - a flux talisman
Scrolls
 e - 2 scrolls of poison {unknown}
 f - a scroll of silence {unknown}
 i - a scroll of vulnerability {unknown}
Potions
 a - a potion of lignification
 d - a potion of brilliance {unknown}
 g - a potion of might {unknown}


   Skills:
 + Level 1.5 Fighting
 - Level 2.0 Dodging
 + Level 3.2 Unarmed Combat
 * Level 3.4 Shapeshifting


You had one spell level left.
You didn't know any spells.
Your spell library was empty.

Dungeon Overview and Level Annotations

Branches:
Dungeon (2/15)

Altars:


Innate Abilities, Weirdness & Mutations

You are a hulking beast.
Your limbs bulge with bestial killing power. (Slay +1)
You cannot wear most types of armour.
You are amphibious.
You can wear up to eight rings at the same time.
Your skin changes colour to match your surroundings (Stealth+).
Your rubbery body absorbs attacks. (AC +1, EV +1)
((You are camouflaged when in or above water. (Stealth+)))
You have tentacles for arms and can constrict up to eight enemies at once.


Message History

You kill the hobgoblin!
j - a staff of conjuration A rat comes into view.
Found an escape hatch in the ceiling.
An adder comes into view.
The adder hisses angrily.
The rat misses you.
An endoplasm comes into view.
You tentacle-slap the rat.
You kill the rat!
You closely miss the adder. Your grab misses the adder.
Your squeeze misses the adder. The adder bites you.
You are poisoned.
The adder poisons you!
You take 3 damage, and have 15/18 hp.
You tentacle-slap the adder. Your grab misses the adder.
Your squeeze misses the adder.
The adder is lightly wounded.
You feel sick. The adder bites you but does no damage. The adder bites you.
You are more poisoned.
The adder poisons you!
You take 4 damage, and have 11/18 hp.
MASSIVE DAMAGE!!
You are too injured to fight recklessly!
You are too injured to fight recklessly!
You tentacle-slap the adder. Your grab misses the adder.
The adder is moderately wounded.
You feel sick. The adder bites you.
You take 4 damage, and have 7/18 hp.
MASSIVE DAMAGE!!
You closely miss the adder. Your grab misses the adder.
The adder is moderately wounded.
* * * LOW HITPOINT WARNING * * *
You feel sick. The endoplasm closely misses you. The adder closely misses you.
You take 2 damage, and have 5/18 hp.
It was a potion of ambrosia.
You are confused.
You feel invigorated.
You feel sick. The adder bites you.
* * * LOW HITPOINT WARNING * * *
The endoplasm freezes you.
You are frozen.
You die...

###...## .......#.
##........ ..
##......... #..
#!......... #...
#...<......
#...###.#.S......
#........hJ....#
#......#.##...##
#..###...# ### #
#..####.##
#.#..#.....#
#..........#
#..#.#...##
#.........####
..>...#.#.........


You could see an adder and an endoplasm.

Vanquished Creatures
  3 endoplasms (D:1)
  3 giant cockroaches (D:1)
  3 hobgoblins
  A ball python (D:2)
  3 bats (D:1)
  A frilled lizard (D:1)
  A goblin (D:1)
  2 kobolds (D:1)
  3 rats
20 creatures vanquished.

Notes
Turn   | Place    | Note
-------+----------+-------------------------------------------
     0 | D:1      | Dirtsage the Octopode Shapeshifter began the quest for the
                  | Orb.
     0 | D:1      | Reached XP level 1. HP: 13/13 MP: 1/1
   184 | D:1      | Reached XP level 2. HP: 16/18 MP: 2/2
   707 | D:2      | Frozen to death by an endoplasm

Illustrated notes

Levels and vault maps discovered:
D:1:      eino_arrival_water_star, layout_basic, minmay_misc_feat_tiny,
          minmay_misc_feat_four_crosses
D:2:      layout_loops_ring, basic_altar, uniq_terence, uniq_robin

Action                     || total
---------------------------++-------
  Melee: Unarmed           ||    38
         Constrict         ||     5
         Punch             ||     2
         Tentacles         ||     4
    Use: Potion            ||     1
   Stab: Sleeping          ||     4
 Armour: Skin              ||    21
  Dodge: Dodged            ||    22

Table legend: (Time is in decaauts)
 A = Elapsed time spent in this place.
 B = Non-inter-level travel time spent in this place.
 C = Inter-level travel time spent in this place.
 D = Time resting spent in this place.
 E = Time spent auto-exploring this place.
 F = Levels seen in this place.
 G = Mean time per level.
                   A        B        C        D        E       F      G
               +--------+--------+--------+--------+--------+-----+--------+
         Total |    704 |    670 |     34 |      0 |    552 |   2 |  352.0 |
       Dungeon |    704 |    670 |     34 |      0 |    552 |   2 |  352.0 |
               +--------+--------+--------+--------+--------+-----+--------+

Top non-repeatable levels by time:
     D:1: 638 daAuts
     D:2: 66 daAuts
